 Dungeon Crawl Stone Soup version 0.27.1-34-g3ba077fa99 (webtiles) character file.

Game seed: 15691501025303980756

2 cbfl8 the Sneak (level 1, 0/20 HPs)
             Began as a Minotaur Delver on Jan 20, 2022.
             Slain by a gnoll (9 damage)
             ... on level 4 of the Dungeon.
             The game lasted 00:00:38 (201 turns).

cbfl8 the Sneak (Minotaur Delver)                    Turns: 201, Time: 00:00:38

Health: 0/20       AC:  3    Str: 16    XL:     1   Next: 33%
Magic:  0/0        EV: 11    Int:  7    God:
Gold:   0          SH:  0    Dex: 11    Spells: 0/0 levels left

rFire    . . .     SeeInvis .   a - +0 hand axe
rCold    . . .     Faith    .   (no shield)
rNeg     . . .     Spirit   .   b - +0 leather armour
rPois    .         Reflect  .   (helmet restricted)
rElec    .         Harm     .   (no cloak)
rCorr    .         Rampage  .   (no gloves)
Will     .....                  (no boots)
Stlth    ++........             (no amulet)
HPRegen  0.06/turn              (no ring)
MPRegen  0.07/turn              (no ring)

@: no status effects
A: horns 2, retaliatory headbutt
a: no special abilities


You were on level 4 of the Dungeon.
You visited 1 branch of the dungeon, and saw 2 of its levels.

Inventory:

Hand Weapons
 a - a +0 hand axe (weapon)
Armour
 b - a +0 leather armour (worn)
 h - a +0 plate armour
Wands
 g - a wand of digging (3)
Scrolls
 c - a scroll of fog
 d - a scroll of magic mapping
 e - 3 scrolls of fear
Potions
 f - a potion of haste


   Skills:
 + Level 3.6 Fighting
 + Level 2.4 Axes
 + Level 2.2 Dodging
 + Level 4.2 Stealth


You couldn't memorise any spells.
You didn't know any spells.
Your spell library was empty.

Dungeon Overview and Level Annotations

Branches:
Dungeon (5/15)
 Temple: D:4-7

Altars:


Innate Abilities, Weirdness & Mutations

You have a pair of horns on your head.
You reflexively headbutt those who attack you in melee.


Message History

The helpless quokka fails to defend itself.
You slash the quokka!
You kill the quokka!
Found a helmet.
An endoplasm comes into view.
The endoplasm quivers.
You hit the endoplasm. You headbutt the endoplasm.
You kill the endoplasm!
Found a scroll of fear.
e - 2 scrolls of fear (gained 1)
Found a quarterstaff.
You open the door.
There is an open door here.
Found a scroll of fear and a robe.
Found a plate armour.
e - 3 scrolls of fear (gained 1)
You see here a +0 plate armour.
h - a +0 plate armour As you open the door, it creaks loudly! 2 hounds and a gnoll come into view.
The hound barks!
The gnoll shouts!
You close the door.
You hit the bush but do no damage. x2
A gnoll opens the door.
The hound bites you.
The gnoll hits you from afar with a +0 spear!
The hound closely misses you. You furiously retaliate!
You headbutt the hound. You closely miss the hound.
The hound is moderately wounded.
You hit the bush but do no damage. You completely miss the bush.
The hound barely misses you. You furiously retaliate!
You headbutt the hound! The gnoll barely misses you. The hound misses you.
There are monsters nearby!
There are monsters nearby!
You barely miss the hound.
The hound is almost dead.
You hit the bush but do no damage. You completely miss the bush.
The gnoll barely misses you. The hound completely misses you.
The gnoll hits you from afar with a +0 spear!
You die...

..# ###.############ ##
#.............. ..
......##....# #.
#.....##..[.# ##. #
#...........+ ##..
#+#'#P.#.# #....# ...
#..hgh@.####....######.
#...#P...............'.
#.. #...##############.
## #..... .......
......... #####..
#..........# #.#
#..........# #^
############ #. #.


You could see 2 hounds and a gnoll.

Vanquished Creatures
  An endoplasm (D:4)
  A quokka (D:4)
2 creatures vanquished.

Notes
Turn   | Place    | Note
-------+----------+-------------------------------------------
     0 | D:5      | cbfl8 the Minotaur Delver began the quest for the Orb.
     0 | D:5      | Reached XP level 1. HP: 19/19 MP: 0/0
   194 | D:4      | Noticed a hound
   194 | D:4      | Noticed a hound
   201 | D:4      | Slain by a gnoll

Illustrated notes

Levels and vault maps discovered:
D:4:      layout_basic, minmay_temple_entry_large_hall, serial_glass,
          glass_columns_a, glass_columns_c, cheibrodos_gnoll_hut, uniq_grinder
D:5:      layout_loops_ring, cheibrodos_worm_habitat, minmay_misc_feat_rows,
          uniq_prince_ribbit1

Action                   || total
-------------------------++-------
Melee: Hand axe          ||     5
       Headbutt          ||     1
 Stab: Sleeping          ||     1
Dodge: Dodged            ||     6
